[Event "Early-Titled-Tuesday-Blitz-October-17-2023"]
[Site "Chess.com"]
[Date "2023.10.17"]
[Round "4"]
[White "js20000"]
[Black "Sokoloco"]
[Result "1-0"]
[WhiteElo "2886"]
[BlackElo "2704"]
[TimeControl "180+1"]
[EndTime "8:40:56 PDT"]
[Termination "js20000 won by resignation"]

1. Nf3 d5 2. e3 Bg4 3. h3 Bxf3 4. Qxf3 e6 5. d4 c6 6. c4 Nd7 7. Nc3 Bd6 8. Bd3 Qh4 9. O-O Ngf6 10. e4 dxe4 11.
Nxe4 Nxe4 12. Bxe4 Nf6 13. Bc2 Qxd4 14. Rd1 Qe5 15.
g3 Bc5 16. Rb1 O-O 17. Bf4 Qh5 18. g4 Qh4 19. b4 Be7 20. b5 h5 21. g5 Nh7 22. Bxh7+ Kxh7 23. Rd4 Bc5 24. Re4 e5 25. Be3 Bxe3 26. Rxh4 Bxg5 27. Qxh5+ Bh6 28. bxc6 bxc6 29.
Rb7 Kg8 30. Rg4 Kh7 31. Qf5+ Kg8 32. Qh5 Kh7 33. Rxf7 Rxf7 34. Qxf7 Rd8 35. Qf5+ Kh8 36. Qxe5 Rd1+ 37. Kg2 Rd2 38. Qe8+ Kh7 39. Qg6+ Kg8 40. Re4 Rd8 41. Re8+ Rxe8 42. Qxe8+ Kh7 43. Qxc6 a5 44. Qe4+ Kg8 45. c5 Bg5 46. c6 Bd8 47. Qe8+ Kh7 48.
Qxd8 g5 49. c7 g4 50. c8=Q 1-0

[Event "Early-Titled-Tuesday-Blitz-October-17-2023"]
[Site "Chess.com"]
[Date "2023.10.17"]
[Round "4"]
[White "NowInChess"]
[Black "Kostukov_Alex"]
[Result "0-1"]
[WhiteElo "2199"]
[BlackElo "2378"]
[TimeControl "180+1"]
[EndTime "8:40:56 PDT"]
[Termination "Kostukov_Alex won by resignation"]

1. e4 c5 2. Nc3 g6 3. f4 Bg7 4.
Nf3 Nc6 5. a3 e6 6. b4 cxb4 7.
axb4 d5 8. e5 Nh6 9. b5 Ne7 10.
Ba3 O-O 11. d4 Bd7 12. Bd3 a6 13. O-O Re8 14. Na4 axb5 15. Nc5 Bc6 16. Qe2 Qa5 17.
Nb3 Qc3 18. Rfb1 Ra4 19. Bc5 Rea8 20. Rxa4 bxa4 21. Nbd2 a3 22. Bxe7 a2 23. Qd1 axb1=Q 24. Qxb1 Nf5 25. Kf2 Nxe7 26. Qb3 Qxb3 27. Nxb3 h5 0-1

[Event "Early-Titled-Tuesday-Blitz-October-17-2023"]
[Site "Chess.com"]
[Date "2023.10.17"]
[Round "4"]
[White "scarabee43"]
[Black "Msb2"]
[Result "1/2-1/2"]
[WhiteElo "2793"]
[BlackElo "3069"]
[TimeControl "180+1"]
[EndTime "8:40:58 PDT"]
[Termination "Game drawn by stalemate"]

1. d4 d5 2. c4 e6 3. Nf3 Nf6 4. Nc3 Bb4 5. cxd5 exd5 6. Bg5 h6 7.
Bh4 O-O 8. e3 Bf5 9. Be2 Nbd7 10.
O-O c6 11. Qb3 Qb6 12. Na4 Qa5 13. a3 Bd6 14. Nc3 Qb6 15. Qa2 a5 16. Na4 Qc7 17. Rac1 Rfe8 18. Nc3 Qb8 19. Bg3 Ne4 20. Nxe4 Bxe4 21.
Nd2 Bxg3 22. hxg3 Bg6 23. Qb3 Nf6 24. Bd3 Bxd3 25. Qxd3 g6 26. Nf3 Ng4 27. Rc2 Qd6 28.
Rb1 Kg7 29. b4 axb4 30. axb4 Ra4 31. b5 Rea8 32. bxc6 bxc6 33. Ne5 Ra1 34. Rcc1 Nxe5 35. dxe5 Qxe5 36. Qc2 Rxb1 37. Rxb1 Ra1 38. Rxa1 Qxa1+ 39.
Kh2 Qf6 40. f3 h5 41. Kg1 d4 42. exd4 Qxd4+ 43. Kf1 c5 44. Ke2 c4 45. Qd2 Qxd2+ 46.
Kxd2 Kf6 47. Kc3 Kg5 48. Kxc4 h4 49. f4+ Kg4 50. gxh4 Kxf4 51. Kd5 Kg3 52. Ke5 f5 53. h5 gxh5 54. Kxf5 Kh4 55. Kf4 1/2-1/2

[Event "Early-Titled-Tuesday-Blitz-October-17-2023"]
[Site "Chess.com"]
[Date "2023.10.17"]
[Round "4"]
[White "ural58"]
[Black "Lennis93"]
[Result "0-1"]
[WhiteElo "2530"]
[BlackElo "2708"]
[TimeControl "180+1"]
[EndTime "8:41:01 PDT"]
[Termination "Lennis93 won on time"]

1. e4 c6 2. Nf3 d5 3. e5 Bg4 4.
Be2 e6 5. O-O Ne7 6. d4 Nd7 7.
Nfd2 Bxe2 8. Qxe2 Nf5 9. Nb3 c5 10. dxc5 Bxc5 11. Nxc5 Nxc5 12. Be3 Rc8 13. c3 O-O 14. Nd2 Nxe3 15. Qxe3 Qb6 16. Nb3 Na4 17. Qe2 Qa6 18. Qxa6 bxa6 19. Rab1 Rb8 20. f4 g6 21. Kf2 Rfc8 22. Rfd1 Rb5 23. g3 a5 24. Rd2 Nxc3 25. bxc3 a4 26. Rdb2 axb3 27. Rxb3 Ra5 28.
a3 Kg7 29. Ke3 Rc4 30. Rd1 Re4+ 31. Kd3 Rea4 32. Ra1 g5 33. fxg5 Re4 34. a4 Rxe5 35. Rb5 Ra6 36. h4 Re4 37. a5 Rg4 38. Rg1 Kg6 39.
Ke3 Rc6 40. Rb3 Rc5 41. Kf3 Rgc4 42. Rc1 Rxa5 43. Rb8 Kg7 0-1

[Event "Early-Titled-Tuesday-Blitz-October-17-2023"]
[Site "Chess.com"]
[Date "2023.10.17"]
[Round "4"]
[White "Zavgorodniy_Sergiy"]
[Black "subham777"]
[Result "0-1"]
[WhiteElo "2668"]
[BlackElo "2542"]
[TimeControl "180+1"]
[EndTime "8:41:01 PDT"]
[Termination "subham777 won by resignation"]

1. e4 e6 2. d3 c5 3. Nf3 Nc6 4. g3 g6 5. Bg5 Qb6 6. Nbd2 Bg7 7.
Rb1 Nge7 8. Bg2 O-O 9. O-O h6 10. Bxe7 Nxe7 11. c3 e5 12. Nc4 Qc7 13. b4 cxb4 14.
cxb4 d6 15. Nfd2 Be6 16. Qa4 a6 17. Rfc1 b5 18. Qa5 Qxa5 19. Nxa5 Bxa2 20. Ra1 Be6 21. Nb7 Nc8 22. Rc6 Ra7 23. Nxd6 Nxd6 24. Rxd6 Rfa8 25. d4 exd4 26. e5 Bxe5 27. Rxe6 fxe6 28. Bxa8 Rxa8 29. Re1 Bd6 30. Rxe6 Bxb4 31. Nb3 d3 32.
Rxg6+ Kh7 33. Rg4 a5 34. Rd4 d2 35. Kf1 a4 36. Na1 Bc3 37. Rd7+ Kg8 38. Nc2 b4 39. Ke2 b3 40. Na3 Re8+ 41. Kf3 Re1 0-1

[Event "Early-Titled-Tuesday-Blitz-October-17-2023"]
[Site "Chess.com"]
[Date "2023.10.17"]
[Round "4"]
[White "Doomfist26"]
[Black "PoXerStar"]
[Result "1-0"]
[WhiteElo "2633"]
[BlackElo "2425"]
[TimeControl "180+1"]
[EndTime "8:41:01 PDT"]
[Termination "Doomfist26 won by resignation"]

1. e4 Nc6 2. Nf3 g6 3. d4 d5 4.
exd5 Qxd5 5. c4 Qd8 6. d5 Nb8 7. Nc3 Bg7 8. Be2 Nf6 9. O-O O-O 10. Bf4 e6 11. d6 cxd6 12. Bxd6 Re8 13. c5 Bd7 14.
Ne5 Nc6 15. Nxd7 Qxd7 16. Qd2 Red8 17. Rad1 Ne8 18. Qe3 Nxd6 19. cxd6 Rac8 20. Ne4 Nb4 21. Bf3 Nd5 22. Qa3 f5 23. Nc5 Qxd6 24. Nxb7 Qxa3 25. bxa3 Rd7 26. Na5 Rc2 27. Rfe1 Kf7 28. Nb3 g5 29. h3 Bc3 30. Re2 Rxe2 31. Bxe2 Nb6 32. Rb1 e5 33. Nc5 e4 34. Nxd7 1-0

[Event "Early-Titled-Tuesday-Blitz-October-17-2023"]
[Site "Chess.com"]
[Date "2023.10.17"]
[Round "4"]
[White "averageFM"]
[Black "InitiatingASC"]
[Result "1-0"]
[WhiteElo "2556"]
[BlackElo "2359"]
[TimeControl "180+1"]
[EndTime "8:41:01 PDT"]
[Termination "averageFM won by resignation"]

1. e4 c5 2. Nf3 Nc6 3. d4 cxd4 4.
Nxd4 Nf6 5. Nc3 e5 6. Ndb5 h6 7. Nd6+ Bxd6 8. Qxd6 Qe7 9. Qxe7+ Kxe7 10. Be3 Rd8 11. O-O-O d6 12. f3 Be6 13. a3 Rac8 14.
b3 Nd4 15. Kb2 Rxc3 16. Kxc3 Rc8+ 17. Kd3 Nxc2 18. Rc1 Bxb3 19. Be2 Rc6 20. Bd1 Nxe3 21. Rxc6 Nxd1 22. Rc7+ Nd7 23. Rxb7 Ba4 24. Rxa7 Ke6 25. Kd2 Nf2 26. Rxa4 Nxh1 27. Ke2 f5 28. Rc4 fxe4 29. fxe4 Nc5 30. Rc1 Ng3+ 31. hxg3 Nxe4 32. a4 Nxg3+ 33. Kf3 Nf5 34. a5 Nd4+ 35. Kf2 Kd5 36. a6 Nb5 37.
Rb1 Kc6 38. Rxb5 Kxb5 39. a7 Kc5 40. a8=Q 1-0

[Event "Early-Titled-Tuesday-Blitz-October-17-2023"]
[Site "Chess.com"]
[Date "2023.10.17"]
[Round "4"]
[White "MerryPoppies"]
[Black "verrbaa"]
[Result "0-1"]
[WhiteElo "2134"]
[BlackElo "2453"]
[TimeControl "180+1"]
[EndTime "8:41:01 PDT"]
[Termination "verrbaa won by resignation"]

1. d4 Nf6 2. Nf3 g6 3. c4 Bg7 4. Nc3 d5 5. e3 O-O 6. cxd5 Nxd5 7. Bc4 Nxc3 8. bxc3 c5 9. O-O Nc6 10. Re1 b6 11. Rb1 Qc7 12. Ba3 Bb7 13. dxc5 bxc5 14.
Qc2 Na5 15. Be2 c4 16. Rec1 Rfd8 17. Qa4 Bc6 18. Qb4 e6 19. Nd4 Be4 20. Rb2 Rab8 21. Nb5 Qb6 22. Qe7 Bf8 23. Qxf8+ Rxf8 24. Bxf8 Rxf8 25.
Rd2 Qxb5 26. f3 Bc6 27. Rcd1 Kg7 28. Rd4 Qc5 29. e4 e5 30. Kf1 exd4 31. cxd4 Qa3 32. Rd2 c3 33. Rc2 Ba4 34. Rxc3 Qxc3 35. Kf2 Nc4 36.
g3 0-1

[Event "Early-Titled-Tuesday-Blitz-October-17-2023"]
[Site "Chess.com"]
[Date "2023.10.17"]
[Round "4"]
[White "bascheyaro"]
[Black "Kostya0705"]
[Result "1-0"]
[WhiteElo "2845"]
[BlackElo "2645"]
[TimeControl "180+1"]
[EndTime "8:41:03 PDT"]
[Termination "bascheyaro won by resignation"]

1. d4 Nf6 2. c4 e6 3. Nf3 d5 4. Nc3 dxc4 5. Bg5 a6 6. a4 Nbd7 7. e3 Nb6 8. a5 Nbd5 9. e4 Nxc3 10. bxc3 Be7 11. Bxf6 Bxf6 12. e5 Be7 13. Bxc4 O-O 14.
O-O c5 15. d5 exd5 16. Bxd5 Rb8 17. c4 Qc7 18. Qb1 Bd7 19. Qe4 h6 20. Rfb1 Bc6 21.
Rb6 Bxd5 22. cxd5 Qd7 23. Rb3 Rfc8 24. Nd2 Rd8 25. d6 Bf8 26. Nc4 Qe6 27. Rab1 f6 28.
f4 fxe5 29. fxe5 Bxd6 30. Rb6 Rd7 31. Rxd6 Rxd6 32. Nxd6 Rd8 33. Rxb7 c4 34. Qd4 c3 35. Qxc3 Qd5 36. Qb3 1-0

[Event "Early-Titled-Tuesday-Blitz-October-17-2023"]
[Site "Chess.com"]
[Date "2023.10.17"]
[Round "4"]
[White "HanSchut"]
[Black "alsdesdentao"]
[Result "0-1"]
[WhiteElo "2314"]
[BlackElo "2515"]
[TimeControl "180+1"]
[EndTime "8:41:03 PDT"]
[Termination "alsdesdentao won on time"]

1. e4 d6 2. d4 g6 3. Nc3 Bg7 4. f4 Nf6 5. Nf3 Bg4 6. Bd3 O-O 7. O-O c5 8. dxc5 dxc5 9. e5 Nd5 10. Nxd5 Qxd5 11.
Qe2 Nc6 12. c3 Bxf3 13. Rxf3 Rad8 14. Be4 Qd1+ 15. Qxd1 Rxd1+ 16. Rf1 Rxf1+ 17. Kxf1 f6 18. exf6 Rxf6 19. Ke2 e5 20. Bd5+ Kh8 21. Bxc6 Rxc6 22. fxe5 Bxe5 23. g3 Rb6 24. Kd3 Kg7 25. Kc2 Re6 26. Be3 Bxg3 27. Bxc5 Bxh2 28. Bxa7 Re2+ 29. Kb3 h5 30. Rd1 Re7 31. Bd4+ Kh6 32. a4 h4 33. Bf6 Re4 34. Rd7 h3 35. Rxb7 Bg3 36. Rd7 h2 37. Rd1 Re1 0-1

[Event "Early-Titled-Tuesday-Blitz-October-17-2023"]
[Site "Chess.com"]
[Date "2023.10.17"]
[Round "4"]
[White "profedechess93"]
[Black "Mandaloriana19"]
[Result "1-0"]
[WhiteElo "2612"]
[BlackElo "2292"]
[TimeControl "180+1"]
[EndTime "8:41:04 PDT"]
[Termination "profedechess93 won on time"]

1. e4 c5 2. Nf3 Nc6 3. Bb5 Nd4 4. Nxd4 cxd4 5. c3 a6 6. Bc4 Qc7 7. Bb3 Nf6 8. d3 e5 9. cxd4 exd4 10. Bg5 Be7 11. O-O O-O 12. Nd2 d6 13. Rc1 Qa5 14.
f4 Bg4 15. Qe1 b5 16. e5 dxe5 17. fxe5 Nd5 18. Bxe7 Nxe7 19. Qf2 Bh5 20. Ne4 Bg6 21. e6 f5 22. Nc5 Rfd8 23. Qh4 Qc7 24. Nxa6 Qd6 25.
Nc5 Rab8 26. Nd7 Rbc8 27. h3 h6 28. a3 Kh7 29. Qf2 Rxc1 30. Rxc1 Ng8 31. Qc2 Re8 32. Qc5 Qf4 33. Re1 h5 34. Nf8+ 1-0

[Event "Early-Titled-Tuesday-Blitz-October-17-2023"]
[Site "Chess.com"]
[Date "2023.10.17"]
[Round "4"]
[White "Byniolus"]
[Black "vladgoncharov"]
[Result "0-1"]
[WhiteElo "2791"]
[BlackElo "2567"]
[TimeControl "180+1"]
[EndTime "8:41:05 PDT"]
[Termination "vladgoncharov won on time"]

1. d4 Nf6 2. Nf3 e6 3. Bf4 b6 4. e3 Bb7 5. h3 Bd6 6. Bxd6 cxd6 7. Nbd2 d5 8. Be2 Qe7 9. O-O O-O 10. Rc1 Nc6 11.
c4 dxc4 12. Nxc4 Rfc8 13. Qb3 Rc7 14. Qa3 Rac8 15. Nd6 Nxd4 16. Nxd4 Rxc1 17. Nxb7 Qxa3 18. bxa3 Ne4 19. f3 Nd2 20. Rxc1 Rxc1+ 21. Kf2 Kf8 22. Nd6 Ke7 23. Ne4 Nxe4+ 24. fxe4 g6 25. Bd3 Rc3 26. Ke2 Rxa3 27. Bc4 a6 28. Bb3 Ra5 29.
g4 h5 30. Nf3 hxg4 31. hxg4 Rc5 32. Kd2 b5 33. e5 a5 34. Bc2 a4 0-1

[Event "Early-Titled-Tuesday-Blitz-October-17-2023"]
[Site "Chess.com"]
[Date "2023.10.17"]
[Round "4"]
[White "Druid24"]
[Black "Cayse"]
[Result "1-0"]
[WhiteElo "2745"]
[BlackElo "2886"]
[TimeControl "180+1"]
[EndTime "8:41:06 PDT"]
[Termination "Druid24 won on time"]

1. e4 e5 2. Nf3 Nc6 3. Nc3 Nf6 4.
Be2 g6 5. d4 exd4 6. Nxd4 Bg7 7. Be3 O-O 8. O-O Re8 9. Nxc6 bxc6 10. Bf3 Rb8 11. Rb1 a5 12. Qd2 d6 13. h3 Nd7 14. Rfe1 Ba6 15. b3 c5 16. Rbd1 Ne5 17.
Be2 Bxe2 18. Qxe2 Nc6 19. Nd5 Rxe4 20. Qf3 Re8 21. Bd2 Nd4 22. Rxe8+ Qxe8 23. Qd3 c6 24. Re1 Ne6 25. Nc7 Qd7 26. Nxe6 fxe6 27. Bxa5 Ra8 28.
Qd2 d5 29. a4 d4 30. Bb6 Qd5 31. a5 c4 32. bxc4 Qxc4 33. Qd3 Qd5 34. a6 c5 35. a7 c4 36. Qe4 Qxe4 37. Rxe4 e5 38. f4 exf4 39. Rxf4 d3 40. cxd3 cxd3 41. Kf2 Be5 42. Re4 Bc3 43. Ke3 d2 44. Ke2 Kf7 45. Kd1 Bf6 46. Kxd2 Bd8 47. Bd4 Bc7 48. Kd3 Rd8 49.
Kc4 h5 50. Kb5 g5 51. Kc6 Bg3 52. Bb6 1-0

[Event "Early-Titled-Tuesday-Blitz-October-17-2023"]
[Site "Chess.com"]
[Date "2023.10.17"]
[Round "4"]
[White "Resignify"]
[Black "GradualismUnleashed"]
[Result "0-1"]
[WhiteElo "2363"]
[BlackElo "2623"]
[TimeControl "180+1"]
[EndTime "8:41:09 PDT"]
[Termination "GradualismUnleashed won on time"]

1. e4 c5 2. Nc3 a6 3. g3 b5 4. d3 Bb7 5. Bg2 e6 6. Nf3 Nf6 7. O-O d5 8. exd5 Nxd5 9. Bd2 Be7 10. Re1 O-O 11. a3 Bf6 12. Rb1 Nc6 13. Ne4 Be7 14.
c3 h6 15. Bc1 Qd7 16. Qc2 Rac8 17. h4 f5 18. Ned2 Bf6 19. Nf1 e5 20. Ne3 Nd4 21. Nxd4 cxd4 22. Nxd5 Bxd5 23. Bxd5+ Qxd5 24. Bd2 a5 25. c4 bxc4 26. dxc4 e4 27. cxd5 Rxc2 28. Bxa5 d3 29. d6 Rf7 30. Rec1 Bxb2 31. Rxb2 Rxb2 32.
Rc8+ Kh7 33. Rc7 Rxc7 34. dxc7 Rc2 35. Kf1 Kg8 36. Ke1 Kf7 0-1

[Event "Early-Titled-Tuesday-Blitz-October-17-2023"]
[Site "Chess.com"]
[Date "2023.10.17"]
[Round "4"]
[White "lolo9292"]
[Black "Tsyhanchuk_Stanislav"]
[Result "1-0"]
[WhiteElo "2184"]
[BlackElo "2441"]
[TimeControl "180+1"]
[EndTime "8:41:09 PDT"]
[Termination "lolo9292 won on time"]

1. Nf3 Nf6 2. c4 e6 3. Nc3 d5 4. e3 a6 5. b3 c5 6. Bb2 d4 7. Ne2 dxe3 8. fxe3 Nc6 9. d4 Bd6 10. Nc3 O-O 11. Bd3 cxd4 12. exd4 Bf4 13. Ne4 Nxe4 14. Bxe4 f5 15. Bxc6 bxc6 16. O-O Bb7 17. c5 Qd5 18.
Bc1 Bxc1 19. Rxc1 Rad8 20. Re1 Bc8 21. Re5 Qd7 22. Qe2 h6 23. h4 Qf7 24. Rf1 Qg6 25. b4 Qg4 26. Qe3 Rf6 27. Rf2 Rg6 28. Qd3 Qf4 29.
Qe3 Qg4 30. a3 Kh7 31. Qb3 Rf6 32. Qa4 Bb7 33. Qd1 Rf7 34. Qe1 Qf4 35. Rxe6 Rxd4 36. Nxd4 Qxd4 37. Re7 Rxe7 38. Qxe7 Qa1+ 39. Kh2 Bc8 40. Qf8 Be6 41. Qd6 1-0

[Event "Early-Titled-Tuesday-Blitz-October-17-2023"]
[Site "Chess.com"]
[Date "2023.10.17"]
[Round "4"]
[White "GMaka"]
[Black "Tagliata"]
[Result "1-0"]
[WhiteElo "2453"]
[BlackElo "2123"]
[TimeControl "180+1"]
[EndTime "8:41:09 PDT"]
[Termination "GMaka won by resignation"]

1. d4 d5 2. Nc3 Nf6 3. Bf4 c5 4. e3 cxd4 5. exd4 a6 6. Nf3 Nc6 7. Be2 Bf5 8. O-O h6 9. Ne5 e6 10. Nxc6 bxc6 11. Na4 Ne4 12. Bd3 Be7 13. f3 Nd6 14. Bxd6 Qxd6 15. Bxf5 exf5 16. Nc5 O-O 17. f4 a5 18. a4 Qc7 19. Nd3 Bf6 20. c3 Rab8 21. Re1 Rfe8 22. Rxe8+ Rxe8 23. Qd2 Re4 24. g3 Qe7 25. Kf2 Qe8 26. Nc5 Re7 27. Re1 g6 28. Rxe7 Qxe7 29. Qe2 Qd8 30. Qa6 Qc7 31.
Qb7 Qd6 32. Qd7 Qxd7 33. Nxd7 Be7 34. Ne5 c5 35. Nc6 Bd6 36. Nxa5 cxd4 37. cxd4 Kf8 38. Nc6 Ke8 39. b4 f6 40. b5 Kd7 41. a5 Bc7 42. a6 Kc8 43. Ne7+ Kb8 44. Nxd5 Bd6 45. b6 Ba3 46. a7+ Kb7 47. Nc7 1-0

[Event "Early-Titled-Tuesday-Blitz-October-17-2023"]
[Site "Chess.com"]
[Date "2023.10.17"]
[Round "4"]
[White "Maect19"]
[Black "MMAHDI2013"]
[Result "1/2-1/2"]
[WhiteElo "2226"]
[BlackElo "2474"]
[TimeControl "180+1"]
[EndTime "8:41:10 PDT"]
[Termination "Game drawn by repetition"]

1. d4 Nf6 2. Nf3 e6 3. e3 d5 4.
Bd3 Bd6 5. O-O O-O 6. b3 b6 7.
Bb2 Bb7 8. Nbd2 Nbd7 9. c4 c5 10.
Rc1 Rc8 11. Qe2 Ne4 12. Ne5 Nxd2 13. Qxd2 Nxe5 14. dxe5 Be7 15. Rfd1 Qc7 16. Qe2 g6 17. cxd5 Bxd5 18. e4 Bb7 19. f4 Rcd8 20. f5 Bg5 21.
Rb1 Bf4 22. Bc4 Bxe5 23. fxe6 fxe6 24. Bxe6+ Kh8 25. Bd5 Bxd5 26. exd5 Bxb2 27. Qxb2+ Qg7 28. Qxg7+ Kxg7 29. Rb2 Rf5 30. d6 Rf6 31. Rbd2 Kf7 32. g3 Rd7 33. Kg2 h5 34. h4 Rf5 35. Re2 Rf6 36. Red2 Re6 37. Rf1+ Rf6 38. Rfd1 1/2-1/2

[Event "Early-Titled-Tuesday-Blitz-October-17-2023"]
[Site "Chess.com"]
[Date "2023.10.17"]
[Round "4"]
[White "KatakuriDono"]
[Black "RandomNoob04"]
[Result "1-0"]
[WhiteElo "2399"]
[BlackElo "2611"]
[TimeControl "180+1"]
[EndTime "8:41:12 PDT"]
[Termination "KatakuriDono won on time"]

1. d4 Nf6 2. c4 c5 3. d5 b5 4. Qc2 Bb7 5. e4 bxc4 6. Bxc4 e6 7.
Nc3 exd5 8. exd5 d6 9. Nf3 Nbd7 10. O-O Be7 11. b3 O-O 12. h3 Nb6 13. Rd1 Re8 14. Bf4 a6 15. a4 Nfd7 16. a5 Nc8 17. Re1 Bf6 18. Rxe8+ Qxe8 19. Re1 Qd8 20. Ne4 Qxa5 21.
Nxf6+ Nxf6 22. Bg5 Nb6 23. Bxf6 gxf6 24. Qf5 Nxc4 25.
bxc4 Qd8 26. Nd2 Bc8 27. Qf4 f5 28. Nf3 Qf6 29. Nh4 Bd7 30. Rb1 a5 31. Rb6 Qa1+ 32. Kh2 Qe5 33. Kg3 a4 34. Rxd6 Qxf4+ 35. Kxf4 a3 36.
Rxd7 a2 37. Nxf5 a1=Q 38. Nh6+ 1-0

[Event "Early-Titled-Tuesday-Blitz-October-17-2023"]
[Site "Chess.com"]
[Date "2023.10.17"]
[Round "4"]
[White "LuisFSiles"]
[Black "a-z30"]
[Result "1-0"]
[WhiteElo "2333"]
[BlackElo "2493"]
[TimeControl "180+1"]
[EndTime "8:41:12 PDT"]
[Termination "LuisFSiles won on time"]

1. e4 d6 2. Nc3 Nf6 3. f4 g6 4.
Nf3 Bg7 5. Bc4 O-O 6. d3 c6 7. Bb3 Na6 8. O-O Nc5 9. Kh1 a5 10.
a3 Nxb3 11. cxb3 b6 12. Be3 Ba6 13. b4 axb4 14. axb4 Qc7 15. Rc1 Qa7 16. Nd4 Rfc8 17.
b5 cxb5 18. Ncxb5 Bxb5 19. Nxb5 Nd7 20. d4 Qa5 21. Qb3 Nf6 22. e5 Ng4 23. Bg1 Rxc1 24. Rxc1 Qd2 25. Qc3 Qxf4 26. h3 Nf2+ 27. Bxf2 Qxf2 28.
exd6 exd6 29. Nxd6 Bxd4 30. Qc4 Rf8 31. Rf1 Qe3 32. Rxf7 1-0

[Event "Early-Titled-Tuesday-Blitz-October-17-2023"]
[Site "Chess.com"]
[Date "2023.10.17"]
[Round "4"]
[White "ErikRonka"]
[Black "diamonds13"]
[Result "1-0"]
[WhiteElo "2499"]
[BlackElo "2288"]
[TimeControl "180+1"]
[EndTime "8:41:14 PDT"]
[Termination "ErikRonka won by resignation"]

1. e4 c5 2. Nf3 e6 3. d4 cxd4 4.
Nxd4 Nf6 5. Nc3 Nc6 6. Ndb5 Bc5 7. Bf4 O-O 8. Bc7 Qe7 9. Bd6 Bxd6 10. Qxd6 Qd8 11.
O-O-O a6 12. Nd4 Qb6 13. f3 Nxd4 14. Qxd4 Qxd4 15. Rxd4 d5 16. exd5 exd5 17. Nxd5 Nxd5 18. Rxd5 Be6 19. Rd6 Rad8 20. Rxd8 Rxd8 21. Be2 a5 22. b3 a4 23. Rd1 Ra8 24. Kb2 a3+ 25. Kc1 g5 26. Rd4 Kg7 27. Bc4 Bf5 28. Bd3 Be6 29.
Rb4 Bd5 30. Kd2 h5 31. Be4 Rd8 32. Bxd5 Rxd5+ 33. Ke2 Re5+ 34. Re4 Rc5 35. c4 Kf6 36. Kd3 Rc7 37. b4 Kf5 38. Rd4 g4 39. c5 Kg5 40. Rd5+ f5 41. Ke3 Re7+ 42. Kf2 h4 43. Rd3 Re5 44. Rc3 Rd5 45. Rc2 Rd4 46. b5 Rb4 47. c6 Rb2 48. Rxb2 axb2 49. cxb7 b1=Q 50.
b8=Q Qxa2+ 51. Ke3 Qb3+ 52. Kd4 Qd1+ 53. Kc5 Qg1+ 54.
Kb4 Qd4+ 55. Ka5 Qa1+ 56. Kb6 Qg1+ 57. Ka6 Qxg2 58. f4+ Kh5 59. Qh8+ Kg6 60. Qxh4 Qa8+ 61. Kb6 Qb8+ 62. Ka5 Qc7+ 63. Ka6 Qc8+ 64. Ka7 Qc7+ 65. Ka6 Qc8+ 66. Kb6 Qb8+ 67. Kc5 Qc7+ 68. Kd5 Qxf4 69.
Qh8 Qe4+ 70. Kc5 Qc2+ 71. Kb6 Qf2+ 72. Ka6 Qa2+ 73. Kb7 Qd5+ 74. Kc7 Qxb5 75. Qg8+ Kh5 76. Qh7+ Kg5 77. h4+ Kf4 78. Qh6+ Kf3 79. Qg5 Qe5+ 80.
Kd7 Qd5+ 81. Ke7 f4 82. Qxd5+ 1-0

[Event "Early-Titled-Tuesday-Blitz-October-17-2023"]
[Site "Chess.com"]
[Date "2023.10.17"]
[Round "4"]
[White "Ishowmoves57"]
[Black "Cambek64"]
[Result "0-1"]
[WhiteElo "2217"]
[BlackElo "2409"]
[TimeControl "180+1"]
[EndTime "8:41:14 PDT"]
[Termination "Cambek64 won by resignation"]

1. e4 e6 2. d4 d5 3. Bd3 c6 4.
Nf3 b6 5. O-O Ba6 6. Qe2 Bxd3 7.
Qxd3 Nf6 8. e5 Nfd7 9. c4 Be7 10. Rd1 O-O 11. Be3 Qc8 12. Na3 a6 13. Rac1 Qb7 14. Nc2 b5 15. c5 a5 16. Nce1 a4 17. Ng5 Bxg5 18. Bxg5 Re8 19. Qg3 Nf8 20. h4 Nbd7 21. h5 Kh8 22. Bf6 gxf6 23. exf6 Nxf6 24. Qe5 Nd7 25.
Qd6 Ne4 26. Qf4 f5 27. Nf3 Re7 28. Ne5 Nxe5 29. Qxe5+ Kg8 30. f3 Ng5 31. Kf2 Rf8 32. Rg1 Qb8 33. Qe3 f4 34. Qe2 e5 35. dxe5 Qxe5 36.
Qd3 Qe3+ 37. Qxe3 Rxe3 38. g3 Rxf3+ 39. Ke2 Re8+ 40. Kd2 Ne4+ 41. Kc2 Nxg3 42. Kb1 Re2 0-1

[Event "Early-Titled-Tuesday-Blitz-October-17-2023"]
[Site "Chess.com"]
[Date "2023.10.17"]
[Round "4"]
[White "AvitalBor"]
[Black "MasterKroket"]
[Result "1-0"]
[WhiteElo "2830"]
[BlackElo "2550"]
[TimeControl "180+1"]
[EndTime "8:41:17 PDT"]
[Termination "AvitalBor won by resignation"]

1. e4 e5 2. Nc3 Nc6 3. g3 g6 4.
Bg2 Bg7 5. Nge2 Nge7 6. Nd5 O-O 7. d3 Nxd5 8. exd5 Nb8 9. h4 d6 10. h5 Nd7 11. Nc3 Nf6 12. h6 Bh8 13. Bg5 Qe8 14. Qe2 b5 15. O-O-O b4 16. Ne4 Nxe4 17. Bxe4 f5 18.
Bg2 a5 19. Rh4 Qb5 20. Rc4 Ra7 21. Kb1 a4 22. Bd2 b3 23. cxb3 axb3 24. a3 e4 25.
Qe3 Qxd5 26. Bc3 Ba6 27. Qxa7 Bxc4 28. Bxh8 Bxd3+ 29. Ka1 Kxh8 30. Qxc7 Qd4 31. Bf1 Kg8 32. Qe7 Ra8 33. Bxd3 exd3 34. Re1 d2 35. Qe6+ Kh8 36. Qe8+ 1-0

[Event "Early-Titled-Tuesday-Blitz-October-17-2023"]
[Site "Chess.com"]
[Date "2023.10.17"]
[Round "4"]
[White "jraosam"]
[Black "eightbyeightchess"]
[Result "0-1"]
[WhiteElo "2074"]
[BlackElo "2436"]
[TimeControl "180+1"]
[EndTime "8:41:17 PDT"]
[Termination "eightbyeightchess won by resignation"]

1. d4 Nf6 2. c4 g6 3. Nc3 Bg7 4. e4 d6 5. Nf3 O-O 6. Bg5 e5 7.
dxe5 dxe5 8. Qxd8 Rxd8 9. Nd5 Nxd5 10. Bxd8 Nb4 11. O-O-O Nxa2+ 12. Kb1 Nb4 13. Bxc7 N8c6 14.
Bd6 Bg4 15. Bxb4 Nxb4 16. Be2 Nc6 17. Ng1 Be6 18. h3 Nd4 19. Bd3 Rc8 20. Ne2 Nb3 21. Nc3 h5 22. Nd5 Rc5 23. Bc2 Nd4 24. b3 b5 25.
Rxd4 exd4 26. Bd3 bxc4 27. Bxc4 Kf8 28. Kc2 Ra5 29. b4 Ra3 30. Kb2 Bxd5 31. Bxd5 Rc3 32. Rc1 Ke7 33. Rxc3 dxc3+ 34. Kb3 g5 35. g3 Bd4 36. f4 h4 37. gxh4 gxf4 38. h5 Kf6 39. b5 f3 40. e5+ Kxe5 41. Bxf3 Kf4 42. Bd5 f5 43. h6 Kg3 44. h7 f4 45. Kc4 c2 46. Kxd4 c1=Q 47. h8=Q Qa1+ 48. Kc5 Qxh8 0-1

[Event "Early-Titled-Tuesday-Blitz-October-17-2023"]
[Site "Chess.com"]
[Date "2023.10.17"]
[Round "4"]
[White "IamSchrodingersCat"]
[Black "salomez"]
[Result "1-0"]
[WhiteElo "2535"]
[BlackElo "2327"]
[TimeControl "180+1"]
[EndTime "8:41:18 PDT"]
[Termination "IamSchrodingersCat won on time"]

1. e3 e5 2. g3 d5 3. g4 Be6 4.
Bg2 Nc6 5. d4 exd4 6. exd4 Qd7 7. h3 O-O-O 8. Ne2 h5 9. gxh5 Nf6 10. Nbc3 Re8 11. Be3 Rxh5 12. Nf4 Rh4 13. Nxe6 Rxe6 14. Qd2 Rxd4 15. Qe2 Bb4 16. O-O Rh4 17. Rad1 d4 18.
Qc4 Bxc3 19. bxc3 Ne5 20. Qb4 Nc6 21. Qf8+ Re8 22. Qxg7 Qe6 23. Qg3 Rhh8 24. cxd4 Reg8 25. Qf3 Rxh3 26. d5 Nxd5 27. Qxd5 Qg6 28. Qd7+ Kb8 29.
Qxh3 Qf6 30. Rd5 Ne5 31. Rxe5 Qxe5 32. Rb1 b6 33. Qf3 1-0

[Event "Early-Titled-Tuesday-Blitz-October-17-2023"]
[Site "Chess.com"]
[Date "2023.10.17"]
[Round "4"]
[White "iJueles"]
[Black "DKmirl"]
[Result "1-0"]
[WhiteElo "2440"]
[BlackElo "2273"]
[TimeControl "180+1"]
[EndTime "8:41:18 PDT"]
[Termination "iJueles won on time"]

1. d4 Nf6 2. Bg5 e6 3. Nf3 Be7 4. e3 O-O 5. Nbd2 b6 6. Bd3 Bb7 7. O-O d6 8. c3 Nbd7 9. a4 e5 10.
Qc2 h6 11. Bh4 g5 12. Bg3 Nh5 13. Bf5 Nxg3 14. hxg3 Bf6 15. g4 Bg7 16. Rfe1 Re8 17. Nf1 Nf6 18. Ng3 Qe7 19. a5 e4 20. Nd2 d5 21. c4 c6 22. b4 Bc8 23. axb6 Nxg4 24.
b7 Qxb7 25. Bxg4 Bxg4 26. Reb1 Be6 27. b5 dxc4 28. bxc6 Qxc6 29. Ndxe4 Bd5 30. f3 f5 31. Nxf5 Bxe4 32. fxe4 Qxe4 33. Qxe4 Rxe4 34. Rb7 Bf8 35. Raxa7 Rxa7 36. Rxa7 Re6 37. Rc7 Rf6 38. e4 Re6 39.
e5 1-0